EVO
UNIVERSITY OF TORONTO MARLIES @ STANFORD UNIVERSITY CARDINAL
10/16/2044
 
TOP OF THE 1ST
University of Toronto Marlies batting - Pitching for Stanford University Cardinal : RHP Cesar Jimenez
Pitching: RHP Cesar Jimenez
Batting: RHB Rich Thurman 0-0: Called Strike
0-1: Ball
1-1: Foul Ball, location: 2F
1-2: Ball
2-2: Strikes out swinging
Batting: RHB Leo Gutierrez 0-0: Ball
1-0: SINGLE (Groundball, 6MD, EV 102.5 MPH)
Batting: RHB Elijah Hunter 0-0: Ball
1-0: Called Strike
1-1: Fly out, F9 (Flyball, 89M, EV 72.5 MPH)
Batting: LHB Jonathon Walton 0-0: Ball
1-0: Ball
2-0: Called Strike
Leo Gutierrez steals 2nd base
2-1: Called Strike
2-2: Fly out, F7 (Flyball, 78M, EV 90.0 MPH)
Top of the 1st over - 0 runs, 1 hit, 0 errors, 1 left on base; University of Toronto 0 - Stanford University 0
BOTTOM OF THE 1ST
Stanford University Cardinal batting - Pitching for University of Toronto Marlies : RHP Si-dao Xia
Pitching: RHP Si-dao Xia
Batting: SHB Robert Santiago 0-0: Ground out 4-3 (Groundball, 4, EV 82.5 MPH)
Batting: SHB Justin Houser 0-0: Foul Ball, location: 2F
0-1: Foul Ball, location: 2F
0-2: Ball
1-2: Ball
2-2: Fly out, F9 (Flyball, 9, EV 81.3 MPH)
Pitching: RHP Chris Bryant
Batting: SHB Jason Larson 0-0: Ball
1-0: Ball
2-0: Swinging Strike
2-1: Ball
3-1: Base on Balls
Batting: RHB Mike Bell 0-0: Ball
1-0: Ball
2-0: Fly out, F9 (Flyball, 9D, EV 102.5 MPH)
Bottom of the 1st over - 0 runs, 0 hits, 0 errors, 1 left on base; University of Toronto 0 - Stanford University 0
TOP OF THE 2ND
University of Toronto Marlies batting - Pitching for Stanford University Cardinal : RHP Cesar Jimenez
Batting: RHB Masaru Konno 0-0: Ground out 6-3 (Groundball, 6, EV 76.3 MPH)
Batting: LHB Jonathan Roman 0-0: Bunt for hit to 25 - play at first, batter OUT! 5-3
Batting: RHB Jose Argueta 0-0: Called Strike
0-1: SOLO HOME RUN (Flyball, 7LD, EV 91.9 MPH), Distance : 349 ft
Batting: RHB Nate Henderson 0-0: Ball
1-0: Ball
2-0: Ball
3-0: Base on Balls
Batting: LHB Chris Williams 0-0: Ball
1-0: Foul Ball, location: 2F
1-1: Foul Ball, location: 2F
1-2: Ball
2-2: Single, Error in OF, E9, batter to second base (Line Drive, 89S, EV 105.0 MPH)
Nate Henderson to third
Batting: RHB Rich Thurman 0-0: Ball
1-0: Called Strike
1-1: Ground out 6-3 (Groundball, 6, EV 80.6 MPH)
Top of the 2nd over - 1 run, 2 hits, 1 error, 2 left on base; University of Toronto 1 - Stanford University 0
BOTTOM OF THE 2ND
Stanford University Cardinal batting - Pitching for University of Toronto Marlies : RHP Chris Bryant
Batting: LHB Justin O'Neal 0-0: Called Strike
0-1: Foul Ball, location: 2F
0-2: Ball
1-2: Foul Ball, location: 2F
1-2: Ball
2-2: Ball
3-2: Strikes out swinging
Batting: RHB Joe Sandoval 0-0: Called Strike
0-1: Ball
1-1: Foul Ball, location: 2F
1-2: Foul Ball, location: 2F
1-2: Fly out, F6 (Flyball, 56D, EV 85.0 MPH)
Batting: LHB Jim Jardine 0-0: Called Strike
0-1: Foul Ball, location: 2F
0-2: Ball
1-2: Ball
2-2: Foul Ball, location: 2F
2-2: Fly out, F7 (Line Drive, 7, EV 87.5 MPH)
Bottom of the 2nd over - 0 runs, 0 hits, 0 errors, 0 left on base; University of Toronto 1 - Stanford University 0
TOP OF THE 3RD
University of Toronto Marlies batting - Pitching for Stanford University Cardinal : RHP Cesar Jimenez
Batting: RHB Leo Gutierrez 0-0: Ball
1-0: Foul Ball, location: 2F
1-1: Called Strike
1-2: Strikes out swinging
Batting: RHB Elijah Hunter 0-0: Called Strike
0-1: Fly out, F7 (Flyball, 7LS, EV 93.1 MPH)
Batting: LHB Jonathon Walton 0-0: Called Strike
0-1: Foul Ball, location: 2F
0-2: SOLO HOME RUN (Flyball, 89XD, EV 106.9 MPH), Distance : 410 ft
Batting: RHB Masaru Konno 0-0: Ball
1-0: Foul Ball, location: 2F
1-1: Ball
2-1: Ball
3-1: Foul Ball, location: 2F
3-2: Base on Balls
Batting: LHB Jonathan Roman 0-0: Ball
1-0: Foul Ball, location: 2F
1-1: Swinging Strike
1-2: Strikes out swinging
Top of the 3rd over - 1 run, 1 hit, 0 errors, 1 left on base; University of Toronto 2 - Stanford University 0
BOTTOM OF THE 3RD
Stanford University Cardinal batting - Pitching for University of Toronto Marlies : RHP Chris Bryant
Batting: SHB Justin Corbett 0-0: Called Strike
0-1: Swinging Strike
0-2: Strikes out looking
Batting: RHB Ian Hornsby 0-0: Ball
1-0: Foul Ball, location: 2F
1-1: Called Strike
1-2: Foul Ball, location: 2F
1-2: Strikes out swinging
Batting: SHB Robert Santiago 0-0: Called Strike
0-1: Foul Ball, location: 2F
0-2: Strikes out swinging
Bottom of the 3rd over - 0 runs, 0 hits, 0 errors, 0 left on base; University of Toronto 2 - Stanford University 0
TOP OF THE 4TH
University of Toronto Marlies batting - Pitching for Stanford University Cardinal : RHP Cesar Jimenez
Batting: RHB Jose Argueta 0-0: Foul Ball, location: 2F
0-1: Ball
1-1: Ground out U3 (Groundball, 34, EV 81.9 MPH)
Batting: RHB Nate Henderson 0-0: Called Strike
0-1: Foul Ball, location: 2F
0-2: Ground out U3 (Groundball, 3, EV 106.9 MPH)
Batting: LHB Chris Williams 0-0: Ball
1-0: Swinging Strike
1-1: Fly out, F7 (Flyball, 7, EV 88.1 MPH)
Top of the 4th over - 0 runs, 0 hits, 0 errors, 0 left on base; University of Toronto 2 - Stanford University 0
BOTTOM OF THE 4TH
Stanford University Cardinal batting - Pitching for University of Toronto Marlies : RHP Chris Bryant
Batting: SHB Justin Houser 0-0: Ball
1-0: Called Strike
1-1: Foul Ball, location: 2F
1-2: SINGLE (Line Drive, 9LS, EV 94.4 MPH)
Batting: SHB Jason Larson 0-0: Ball
1-0: Ball
2-0: Called Strike
2-1: Ball
3-1: Foul Ball, location: 2F
3-2: Base on Balls
Justin Houser to second
Pitching: LHP Alejandro Rivera
Batting: RHB Mike Bell 0-0: Fly out, F7 (Flyball, 7D, EV 93.8 MPH)
Batting: LHB Justin O'Neal 0-0: Ball
1-0: Ball
2-0: Ball
3-0: Called Strike
3-1: Swinging Strike
3-2: Fielders Choice at 2nd, 1-6 (Groundball, 13S, EV 68.1 MPH)
Justin Houser to third
Batting: RHB Joe Sandoval 0-0: Called Strike
0-1: Ball
1-1: Ball
2-1: Foul Ball, location: 2F
2-2: Foul Ball, location: 2F
Pickoff Throw to First - Error! E1
Justin Houser scores
Justin O'Neal to second
2-2: SINGLE (Groundball, 4MD, EV 106.9 MPH)
Justin O'Neal to third
Runner from 3rd tries for Home, SAFE, throw by CF to home
Batting: LHB Jim Jardine 0-0: Ball
1-0: Ball
2-0: Called Strike
2-1: Ball
3-1: Called Strike
3-2: Ground out 1-3 (Groundball, 15S, EV 70.6 MPH)
Bottom of the 4th over - 2 runs, 2 hits, 1 error, 1 left on base; University of Toronto 2 - Stanford University 2
TOP OF THE 5TH
University of Toronto Marlies batting - Pitching for Stanford University Cardinal : RHP Cesar Jimenez
Batting: RHB Rich Thurman 0-0: Called Strike
0-1: Ball
1-1: Ground out 6-3 (Groundball, 56, EV 79.4 MPH)
Batting: RHB Leo Gutierrez 0-0: Ball
1-0: Ball
2-0: Called Strike
2-1: Ball
3-1: Ground out 6-3 (Groundball, 6, EV 108.1 MPH)
Batting: RHB Elijah Hunter 0-0: Ball
1-0: Ball
2-0: Ground out 5-3 (Groundball, 56, EV 88.8 MPH)
Top of the 5th over - 0 runs, 0 hits, 0 errors, 0 left on base; University of Toronto 2 - Stanford University 2
BOTTOM OF THE 5TH
Stanford University Cardinal batting - Pitching for University of Toronto Marlies : LHP Alejandro Rivera
Batting: SHB Justin Corbett 0-0: Ball
1-0: Foul Ball, location: 2F
1-1: Ball
2-1: Fly out, F9 (Flyball, 9D, EV 96.3 MPH)
Batting: RHB Ian Hornsby 0-0: Ball
1-0: Called Strike
1-1: Ball
2-1: Foul Ball, location: 2F
2-2: Foul Ball, location: 2F
2-2: Ball
3-2: Base on Balls
Batting: SHB Robert Santiago 0-0: Called Strike
0-1: Ball
1-1: SINGLE (Line Drive, 8LS, EV 97.5 MPH)
Ian Hornsby to second
Batting: SHB Justin Houser 0-0: Foul Ball, location: 2F
0-1: Foul Ball, location: 2F
0-2: Ball
1-2: Foul Ball, location: 2F
1-2: Ball
2-2: Ball
3-2: Base on Balls
Ian Hornsby to third
Robert Santiago to second
Pitching: LHP Connor Morse
Batting: SHB Jason Larson 0-0: Fly out, F9 (Flyball, 9LS, EV 86.9 MPH)
Batting: RHB Mike Bell 0-0: Ball
1-0: Called Strike
1-1: Foul Ball, location: 2F
1-2: Ball
Wild Pitch!
Ian Hornsby scores
Robert Santiago to third
Justin Houser to second
2-2: Strikes out swinging
Bottom of the 5th over - 1 run, 1 hit, 0 errors, 2 left on base; University of Toronto 2 - Stanford University 3
TOP OF THE 6TH
University of Toronto Marlies batting - Pitching for Stanford University Cardinal : RHP Cesar Jimenez
Batting: LHB Jonathon Walton 0-0: Ball
1-0: Foul Ball, location: 2F
1-1: SOLO HOME RUN (Flyball, 9LD, EV 91.9 MPH), Distance : 353 ft
Batting: RHB Masaru Konno 0-0: Called Strike
0-1: SOLO HOME RUN (Flyball, 7D, EV 95.6 MPH), Distance : 381 ft
Pitching: RHP Max Warburton
Batting: LHB Jonathan Roman 0-0: Ball
1-0: Ball
2-0: Fly out, F8 (Flyball, 8LS, EV 74.4 MPH)
Batting: RHB Jose Argueta 0-0: Ball
1-0: Foul Ball, location: 2F
1-1: Ground out 5-3 (Groundball, 56S, EV 84.4 MPH)
Batting: RHB Nate Henderson 0-0: Ball
1-0: Called Strike
1-1: SOLO HOME RUN (Flyball, 7LD, EV 94.4 MPH), Distance : 345 ft
Batting: LHB Chris Williams 0-0: Ball
1-0: Ball
2-0: Foul Ball, location: 2F
2-1: Ball
3-1: Ground out 4-3 (Groundball, 4, EV 96.3 MPH)
Top of the 6th over - 3 runs, 3 hits, 0 errors, 0 left on base; University of Toronto 5 - Stanford University 3
BOTTOM OF THE 6TH
Stanford University Cardinal batting - Pitching for University of Toronto Marlies : LHP Connor Morse
Batting: LHB Justin O'Neal 0-0: Called Strike
0-1: Foul Ball, location: 2F
0-2: Fly out, F8 (Line Drive, 8LD, EV 90.6 MPH)
Batting: RHB Joe Sandoval 0-0: Ball
1-0: Ball
2-0: Reached on error, E4 (Groundball, 4, EV 98.8 MPH)
Batting: LHB Jim Jardine 0-0: Ball
1-0: Foul Ball, location: 2F
1-1: Ball
2-1: Fly out, F8 (Flyball, 8LM, EV 93.8 MPH)
Batting: SHB Justin Corbett 0-0: Ball
1-0: Ground out 4-3 (Groundball, 4, EV 80.0 MPH)
Bottom of the 6th over - 0 runs, 0 hits, 1 error, 1 left on base; University of Toronto 5 - Stanford University 3
TOP OF THE 7TH
University of Toronto Marlies batting - Pitching for Stanford University Cardinal : RHP Max Warburton
Batting: RHB Rich Thurman 0-0: Swinging Strike
0-1: Ground out 5-3 (Groundball, 56D, EV 78.8 MPH)
Batting: RHB Leo Gutierrez 0-0: Ground out U3 (Groundball, 13, EV 87.5 MPH)
Batting: RHB Elijah Hunter 0-0: Foul Ball, location: 2F
0-1: Ball
1-1: Foul Ball, location: 2F
1-2: Ball
2-2: Foul Ball, location: 2F
2-2: Foul Ball, location: 2F
2-2: Ground out 2-3 (Groundball, 15S, EV 68.1 MPH)
Top of the 7th over - 0 runs, 0 hits, 0 errors, 0 left on base; University of Toronto 5 - Stanford University 3
BOTTOM OF THE 7TH
Stanford University Cardinal batting - Pitching for University of Toronto Marlies : LHP Connor Morse
Pitching: RHP Dane Long
Now in RF: Marshall Daul
Batting: RHB Ian Hornsby 0-0: Called Strike
0-1: Ball
1-1: Swinging Strike
1-2: Strikes out looking
Batting: SHB Robert Santiago 0-0: Ground out U3 (Groundball, 34, EV 88.1 MPH)
Batting: SHB Justin Houser 0-0: Called Strike
0-1: Ball
1-1: Foul Ball, location: 2F
1-2: Fly out, F8 (Line Drive, 8RM, EV 93.1 MPH)
Bottom of the 7th over - 0 runs, 0 hits, 0 errors, 0 left on base; University of Toronto 5 - Stanford University 3
TOP OF THE 8TH
University of Toronto Marlies batting - Pitching for Stanford University Cardinal : RHP Max Warburton
Batting: LHB Jonathon Walton 0-0: Swinging Strike
0-1: Foul Ball, location: 2F
0-2: Foul Ball, location: 2F
0-2: Ball
1-2: Foul Ball, location: 2F
1-2: Foul Ball, location: 2F
1-2: Foul Ball, location: 2F
1-2: Fly out, F8 (Flyball, 8RD, EV 100.6 MPH)
Batting: RHB Masaru Konno 0-0: Ball
1-0: Called Strike
1-1: Ball
2-1: Ball
3-1: Foul Ball, location: 2F
3-2: SINGLE (Line Drive, 34D, EV 95.0 MPH)
Pitching: RHP Steve Schultz
Batting: LHB Jonathan Roman 0-0: Ball
1-0: Ball
2-0: Called Strike
2-1: Swinging Strike
2-2: Ball
3-2: Foul Ball, location: 2F
3-2: Fly out, F4 (Popup, 4, EV 78.1 MPH)
Batting: RHB Jose Argueta 0-0: Ball
Masaru Konno is caught stealing 2nd base 2-4
Top of the 8th over - 0 runs, 1 hit, 0 errors, 0 left on base; University of Toronto 5 - Stanford University 3
BOTTOM OF THE 8TH
Stanford University Cardinal batting - Pitching for University of Toronto Marlies : RHP Dane Long
Batting: SHB Jason Larson 0-0: Ground out 4-3 (Groundball, 4, EV 80.0 MPH)
Batting: RHB Mike Bell 0-0: DOUBLE (Flyball, 8LXD, EV 101.3 MPH)
Batting: LHB Justin O'Neal 0-0: Ground out 6-3 (Groundball, 56D, EV 78.1 MPH)
Batting: RHB Joe Sandoval 0-0: Ball
1-0: Ball
2-0: Ball
3-0: Called Strike
3-1: Base on Balls
Batting: LHB Jim Jardine 0-0: Called Strike
0-1: Ball
1-1: Foul Ball, location: 2F
1-2: Foul Ball, location: 2F
1-2: Foul Ball, location: 2F
1-2: Fly out, F8 (Flyball, 8RM, EV 85.6 MPH)
Bottom of the 8th over - 0 runs, 1 hit, 0 errors, 2 left on base; University of Toronto 5 - Stanford University 3
TOP OF THE 9TH
University of Toronto Marlies batting - Pitching for Stanford University Cardinal : RHP Steve Schultz
Batting: RHB Jose Argueta 0-0: Foul Ball, location: 2F
0-1: Ball
1-1: Called Strike
1-2: Ball
2-2: Ball
3-2: Ground out 5-3 (Groundball, 56, EV 88.1 MPH)
Batting: RHB Nate Henderson 0-0: Called Strike
0-1: Ball
1-1: Ball
2-1: Ball
3-1: Called Strike
3-2: Strikes out swinging
Batting: LHB Chris Williams 0-0: Ball
1-0: Fly out, F5 (Popup, 25F, EV 84.4 MPH)
Top of the 9th over - 0 runs, 0 hits, 0 errors, 0 left on base; University of Toronto 5 - Stanford University 3
BOTTOM OF THE 9TH
Stanford University Cardinal batting - Pitching for University of Toronto Marlies : RHP Dane Long
Pitching: RHP Edwin Martinez
Batting: SHB Justin Corbett 0-0: Called Strike
0-1: Foul Ball, location: 2F
0-2: Ball
1-2: Foul Ball, location: 2F
1-2: Strikes out swinging
Pinch Hitting: RHB Ricky Mejicanos 0-0: Ball
1-0: Foul Ball, location: 2F
1-1: Hit by Pitch
Pinch Runner at 1st Josh Asch:
Batting: SHB Robert Santiago 0-0: Ball
1-0: Ball
2-0: Ball
3-0: Base on Balls
Josh Asch to second
Batting: SHB Justin Houser 0-0: Foul Ball, location: 2F
0-1: Ball
1-1: Ball
2-1: Foul Ball, location: 2F
2-2: Ball
3-2: SINGLE (Line Drive, 8LM, EV 100.0 MPH)
Josh Asch to third
Robert Santiago to second
Batting: SHB Jason Larson 0-0: Fielders Choice at 2nd, 4-6 (Groundball, 34, EV 79.4 MPH)
Josh Asch scores
Robert Santiago to third
Batting: RHB Mike Bell 0-0: Foul Ball, location: 2F
0-1: Foul Ball, location: 2F
0-2: Ball
1-2: Strikes out looking
Bottom of the 9th over - 1 run, 1 hit, 0 errors, 2 left on base; University of Toronto 5 - Stanford University 4
Thursday, March 31st , 2022 - OOTP Baseball 22.12 Build 89